 Dungeon Crawl Stone Soup version 0.30.0-10-gfe55d96785 (webtiles) character file.

Game seed: 8232044741709433904

586 Sabo the Trooper (level 7, -1/75 HPs)
             Began as an Ogre Berserker on May 13, 2023.
             Was a Believer of Trog.
             Slain by a gnoll sergeant
             ... wielding a +0 trident
              (14 damage)
             ... on level 5 of the Dungeon on May 14, 2023.
             The game lasted 00:21:51 (5310 turns).

Sabo the Trooper (Ogre Berserker)                   Turns: 5310, Time: 00:21:52

Health: -1/75      AC:  3    Str: 24    XL:     7   Next: 37%
Magic:  7/7        EV: 10    Int:  8    God:    Trog [**....]
Gold:   183        SH:  0    Dex:  8    Spells: 6/6 levels left

rFire   . . .        p - +0 giant club
rCold   . . .        (shield currently unavailable)
rNeg    . . .        e - +0 robe
rPois   .            (helmet restricted)
rElec   .            (no cloak)
rCorr   .            (gloves unavailable)
SInv    .            (boots unavailable)
Will    .....        (no amulet)
Stlth   +            (no ring)
HPRegen 0.32/turn    (no ring)
MPRegen 0.10/turn

%: no passive effects
@: no status effects
A: large, unfitting armour, tough skin 1
a: Renounce Religion, Berserk, Trog's Hand


You were on level 5 of the Dungeon.
You worshipped Trog.
Trog was pleased with you.
You visited 1 branch of the dungeon, and saw 5 of its levels.

You collected 203 gold pieces.
You spent 20 gold pieces at shops.

Inventory:

Hand Weapons
 a - a +0 hand axe
 p - a +0 giant club (weapon)
 t - a +0 sling
 v - a +2 rapier of holy wrath
Missiles
 d - 8 poisoned darts (quivered)
 y - 4 atropa-tipped darts
Armour
 e - a +0 robe (worn)
 h - a scarf of harm
Scrolls
 b - a scroll of immolation {unknown}
 g - a scroll of enchant armour
 j - a scroll of silence
 k - a scroll of blinking
 n - a scroll of poison
 w - 2 scrolls of amnesia {unknown}
 x - a scroll of enchant weapon {unknown}
Potions
 c - a potion of invisibility {unknown}
 f - 2 potions of curing
 i - 2 potions of haste {unknown}
 l - a potion of resistance {unknown}
 m - a potion of cancellation {unknown}
 o - 2 potions of lignification {unknown}
 q - a potion of might {unknown}
 r - a potion of heal wounds {unknown}
 s - a potion of magic {unknown}
 u - a potion of flight {unknown}
 z - a potion of ambrosia {unknown}
 A - a potion of brilliance {unknown}


   Skills:
 + Level 6.2 Fighting
 + Level 5.9(6.0) Axes
 + Level 0.3(3.3) Maces & Flails
 + Level 4.3 Dodging
 + Level 1.2 Stealth


You had 6 spell levels left.
You didn't know any spells.
Your spell library was empty.

Dungeon Overview and Level Annotations

Branches:
Dungeon (5/15)             Temple (0/1) D:5

Altars:
Okawaru
Yredelemnul

Shops:
D:4 *


Innate Abilities, Weirdness & Mutations

You are too large for most types of armour.
You have tough skin. (AC +1)


Message History

You hear a shout!
You barely miss the white imp.
An adder comes into view.
The white imp hits you. The white imp freezes you.
A gnoll sergeant comes into view. It is wielding a +0 trident.
A white imp comes into view.
The white imp hits you. The white imp freezes you.
The gnoll sergeant closely misses you.
A hound comes into view.
The adder hisses angrily.
The white imp shouts, "Get thee gone, thou beslubbering weevil-witted minnow reeky!"
The white imp hits you but does no damage.
You sock the orc!
You kill the orc!
Trog accepts your kill. The white imp gestures at you.
The puff of frost hits you!
The gnoll sergeant hits you from afar with a +0 trident!
The white imp hits you but does no damage.
Welcome back, Sabo the Ogre Berserker.
Trog says: Kill them all!
Press ? for a list of commands and other information.
You sock the white imp!
You kill the white imp!
Trog accepts your kill.
The gnoll sergeant hits you from afar with a +0 trident!
The white imp hits you. The white imp freezes you.
The gnoll sergeant hits you from afar with a +0 trident!
The white imp gestures at you. The puff of frost hits you!
* * * LOW HITPOINT WARNING * * *
The gnoll sergeant hits you from afar with a +0 trident!
* * * LOW HITPOINT WARNING * * *
The white imp gestures at you. The puff of frost hits you.
* * * LOW HITPOINT WARNING * * *
You see here a ring of wizardry.
You feel better.
The gnoll sergeant hits you with a +0 trident!
You die...

....#######...........
...# #.....######
#.#..# ####.....#
.....##........#
#...†######## ##.....#
##..#.#..# #..##.##.#
##@=### .# # ##g5# #
#..#.#..## #....o)##
#..###..# # .....
....S... ...........
#...........


You could see a gnoll sergeant and a white imp.

Vanquished Creatures
  Menkaure (D:4)
  An ogre (D:4)
  Blork the orc (D:4)
  2 hounds
  A jelly (D:4)
  2 iguanas
  2 gnolls
  9 adders
  A white imp (D:5)
  A worm (D:3)
  2 dart slugs
  9 orcs
  7 ball pythons
  4 bats
  4 endoplasms
  3 giant cockroaches
  6 goblins
  4 hobgoblins
  2 quokkas
  6 frilled lizards
  3 kobolds
  3 rats
74 creatures vanquished.

Notes
Turn   | Place    | Note
-------+----------+-------------------------------------------
     0 | D:1      | Sabo the Ogre Berserker began the quest for the Orb.
     0 | D:1      | Reached XP level 1. HP: 24/24 MP: 1/1
   115 | D:1      | Reached XP level 2. HP: 22/32 MP: 2/2
   518 | D:1      | Reached XP level 3. HP: 40/40 MP: 3/3
  1052 | D:2      | Reached ** piety under Trog
  1357 | D:2      | Reached XP level 4. HP: 44/49 MP: 4/4
  1646 | D:2      | Found a faded altar of an unknown god.
  2015 | D:3      | Reached skill level 5 in Fighting
  2730 | D:3      | Found an iron altar of Okawaru.
  2997 | D:3      | Reached XP level 5. HP: 55/57 MP: 5/5
  3610 | D:4      | Found Gyfacs's General Store.
  3613 | D:4      | Bought a scroll of identify for 20 gold pieces
  3741 | D:4      | Noticed Blork the orc
  3750 | D:4      | Killed Blork the orc
  3751 | D:4      | Reached skill level 5 in Axes
  3751 | D:4      | Reached XP level 6. HP: 66/66 MP: 6/6
  3933 | D:4      | Noticed Menkaure
  3940 | D:4      | Killed Menkaure
  3941 | D:4      | Reached skill level 1 in Stealth
  4390 | D:4      | Reached skill level 6 in Fighting
  4390 | D:4      | Reached XP level 7. HP: 62/75 MP: 7/7
  4477 | D:5      | Entered Level 5 of the Dungeon
  4581 | D:5      | Found a staircase to the Ecumenical Temple.
  4877 | D:5      | Found a basalt altar of Yredelemnul.
  5310 | D:5      | Slain by a gnoll sergeant

Illustrated notes

Levels and vault maps discovered:
D:1:      shiori_shiawase, layout_rooms, serial_forest,
          infiniplex_forest_straight_2, infiniplex_forest_3_way,
          infiniplex_forest_fountain, infiniplex_forest_lined_corner,
          infiniplex_forest_clump_double, infiniplex_forest_lined_room_3,
          infiniplex_forest_lined_corner, infiniplex_forest_clump_small
D:2:      minmay_diamond_boxcup, layout_basic, shapermc_ecumenical_altar_ellora
D:3:      layout_loops_ring, okawaru_metal_pillars_3, serial_aquarium,
          aquarium_bridge_square [aquarium_subvault_window,
          aquarium_subvault_balcony, aquarium_subvault_window,
          aquarium_subvault_bridge], aquarium_window_1, aquarium_window_fake,
          aquarium_window_fake, aquarium_view_2c, aquarium_pool_2
D:4:      layout_rooms, serial_shops, nicolae_shop_tiny_real_fake_doors,
          uniq_menkaure, uniq_blork_the_orc
D:5:      layout_basic, mainiacjoe_overflow_alcove_4,
          minmay_temple_entry_overgrown, minmay_between

Skill      XL: |  1  2  3  4  5  6 |
---------------+-------------------+-----
Dodging        | 3 4 |  4.3
Axes           | 4 5 |  5.9
Fighting       | 5 6 |  6.2
Stealth        | 1 |  1.2
Maces & Flails | |  0.3

Action                     |  1- 3 |  4- 6 |  7- 9 || total
---------------------------+-------+-------+-------++-------
  Melee: Hand axe          |    78 |   137 |       ||   215
         Punch             |     2 |     1 |       ||     3
         Giant club        |       |       |    48 ||    48
 Invoke: Berserk           |     1 |     4 |       ||     5
    Use: Scroll            |       |     6 |       ||     6
         Potion            |       |       |     2 ||     2
 Armour: Animal skin       |    30 |    33 |       ||    63
         Robe              |       |     3 |    17 ||    20
  Dodge: Dodged            |    46 |    63 |    40 ||   149
